 Dungeon Crawl Stone Soup version 0.21.1-1-g345015f (webtiles) character file.

179 tidbits the Insei (level 5, -2/41 HPs)
             Began as a Gnoll Transmuter on Feb 10, 2018.
             Killed from afar by an orc wizard (11 damage)
             ... with a magic dart
             ... on level 3 of the Dungeon.
             The game lasted 00:05:51 (640 turns).

tidbits the Insei (Gnoll Transmuter)                 Turns: 640, Time: 00:05:52

Health: -2/41      AC:  2    Str: 12    XL:     5   Next: 59%
Magic:  6/12       EV: 25    Int: 17    God:
Gold:   70         SH:  0    Dex: 25    Spells: 8/14 levels left

rFire    . . .     SeeInvis .     - Unarmed
rCold    . . .     Gourm    .   (shield currently unavailable)
rNeg     . . .     Faith    .   (armour currently unavailable)
rPois    x         Spirit   .   (helmet currently unavailable)
rElec    .         Reflect  .   (cloak currently unavailable)
rCorr    .         Harm     .   (gloves currently unavailable)
MR       .....                  (boots currently unavailable)
Stlth    ++........             (no amulet)
HPRegen  0.13/turn              X - +5 ring of dexterity
MPRegen  0.13/turn              (no ring)

@: spider-form (expiring), very slightly contaminated
A: tiny, distributed training, strong nose
a: End Transformation


You were on level 3 of the Dungeon.
You were not hungry.
You were a venomous arachnid creature.
You visited 1 branch of the dungeon, and saw 5 of its levels.

You collected 70 gold pieces.

Inventory:

Hand Weapons
 a - a +1 falchion of venom (melded)
   (You took it off a goblin on level 2 of the Dungeon)
 b - a +0 dagger
 q - a cursed -3 dagger
 r - a +0 war axe
Missiles
 j - 26 stones (quivered)
 k - 39 sling bullets
 l - 32 arrows
 t - a throwing net {!f}
Armour
 i - a +0 robe (melded)
 v - a +0 ring mail
Jewellery
 X - a +5 ring of dexterity (left front leg)
   (You found it on level 1 of the Dungeon)
Wands
 u - a wand of flame (16)
 w - a wand of digging (13)
Scrolls
 e - a scroll of remove curse {unknown}
 f - 2 scrolls of teleportation {unknown}
 g - a scroll of amnesia {unknown}
 h - a scroll of fog {unknown}
 s - 2 scrolls of identify {unknown}
 x - a scroll of noise {unknown}
 y - a scroll of magic mapping {unknown}
Potions
 m - a potion of heal wounds {unknown}
 n - a potion of curing
 o - a potion of haste {unknown}
 p - a potion of cancellation {unknown}
Books
 c - a book of Changes

   Spells                             Type                      Level
   a - Beastly Appendage              Transmutation                1
   b - Sticks to Snakes               Transmutation                2
   c - Spider Form                    Transmutation/Poison         3
   d - Ice Form                       Ice/Transmutation            4
   e - Blade Hands                    Transmutation                5
Comestibles
 d - 4 rations


   Skills:
 + Level 3.0 Fighting
 + Level 1.5 Short Blades
 + Level 1.5 Long Blades
 + Level 1.5 Axes
 + Level 1.5 Maces & Flails
 + Level 1.5 Polearms
 + Level 1.5 Staves
 + Level 1.5 Slings
 + Level 1.5 Bows
 + Level 1.5 Crossbows
 + Level 1.5 Throwing
 + Level 1.5 Armour
 + Level 4.8 Dodging
 + Level 1.5 Stealth
 + Level 1.5 Shields
 + Level 6.7 Unarmed Combat
 + Level 5.2 Spellcasting
 + Level 1.2 Conjurations
 + Level 1.2 Hexes
 + Level 1.2 Charms
 + Level 1.2 Summonings
 + Level 1.2 Necromancy
 + Level 1.2 Translocations
 + Level 4.0 Transmutations
 + Level 1.2 Fire Magic
 + Level 1.2 Ice Magic
 + Level 1.2 Air Magic
 + Level 1.2 Earth Magic
 + Level 1.2 Poison Magic
 + Level 1.7 Invocations
 + Level 1.5 Evocations


You had 8 spell levels left.
You knew the following spells:

 Your Spells              Type           Power        Failure   Level  Hunger
e - Beastly Appendage     Tmut           ###...       10%         1    None
k - Sticks to Snakes      Tmut           ###.....     13%         2    #......
p - Spider Form           Tmut/Pois      ##........   32%         3    ###....


Dungeon Overview and Level Annotations

Branches:
Dungeon (5/15)
 Temple: D:4-7

Altars:
Ashenzari
Ru
The Shining One

Annotations:
D:3 IjonTichy1's ghost, amateur MfGl


Innate Abilities, Weirdness & Mutations

Your experience applies equally to all skills.
((You have very sharp teeth.))
Your uncanny sense of smell can sniff out nearby items.


Message History

You hit the leopard gecko but do no damage.
The leopard gecko looks as sick as possible!
You punch the leopard gecko, but do no damage.
The leopard gecko is heavily wounded.
You kill the leopard gecko!
There is a stone staircase leading up here.
You climb upwards.
Found a scroll labeled WUOMID YLUIM.
There is a stone staircase leading down here.
Unknown command.
Found 8 gold pieces.
Found 11 gold pieces and a scroll labeled WUOMID YLUIM.
Found a stone staircase leading up.
Unknown command.
Unknown command.
Found a ring mail.
You see here a scroll labeled WUOMID YLUIM.
s - 2 scrolls labeled WUOMID YLUIM (gained 1)
Found a shiny gold wand.
You see here 8 gold pieces.
You now have 41 gold pieces (gained 8).
You see here a ring mail.
v - a ring mail
Found a scroll labeled SUSEEPI CAMUPS.
Found a scroll labeled BEICLY VEMA.
You see here a wand of digging (13).
w - a wand of digging (13)
You see here a scroll labeled SUSEEPI CAMUPS.
f - 2 scrolls labeled SUSEEPI CAMUPS (gained 1)
You see here a scroll labeled BEICLY VEMA.
x - a scroll labeled BEICLY VEMA
Found 18 gold pieces.
Found a scroll labeled HOESSOCIRA.
You see here 18 gold pieces.
You now have 59 gold pieces (gained 18).
You see here a scroll labeled HOESSOCIRA.
y - a scroll labeled HOESSOCIRA You see here 11 gold pieces.
You now have 70 gold pieces (gained 11).
There is a stone staircase leading up here.
You climb upwards.
Level annotation: IjonTichy1's ghost, amateur MfGl An orc priest and an orc wizard come into view.
Found a stone staircase leading up.
There is a stone staircase leading down here.
An orc comes into view.
Casting: Sticks to Snakes
Confirm with . or Enter, or press ? or * to list all spells.
You turn into a venomous arachnid creature.
Your +1 falchion of venom melds into your body.
Your +0 robe melds into your body.
Your +1 falchion of venom stops dripping with poison.
The orc priest shouts!
Casting: Spider Form
Confirm with . or Enter, or press ? or * to list all spells.
You miscast Sticks to Snakes.
You are very lightly contaminated with residual magic.
The air around you crackles with energy!
The orc shouts!
The orc priest misses you.
The orc wizard points at you and mumbles some strange words.
The magic dart hits you!
Casting: Sticks to Snakes
Confirm with . or Enter, or press ? or * to list all spells.
You create a snake!
You now have 32 arrows.
The orc priest calls down the wrath of Beogh upon you.
Beogh smites you! The orc wizard completely misses you.
You bite the orc priest!
The orc priest is poisoned.
The orc priest is heavily wounded.
The orc priest barely misses you. The orc wizard hits you with a dagger.
Your adder bites the orc.
The orc is poisoned.
Your adder poisons the orc!
You hit the orc priest.
The orc priest is almost dead.
The orc priest invokes the aid of Beogh against you.
Beogh smites you!
* * * LOW HITPOINT WARNING * * *
The orc wizard barely misses you.
Your adder closely misses the orc.
The orc completely misses you.
You closely miss the orc.
The orc is almost dead.
Your adder barely misses the orc.
The orc wizard gestures wildly while chanting.
The orc wizard blinks!
The orc priest calls down the wrath of Beogh upon you.
Pain shoots through your body!
* * * LOW HITPOINT WARNING * * *
The orc misses you.
You bite the orc priest!
You kill the orc priest!
Your Fighting skill increases to level 3!
Your Transmutations skill increases to level 4!
The orc dies!
It was a potion of curing.
You feel better.
Your transformation is almost over.
Your adder barely misses the orc wizard.
Your adder bites the orc wizard but does no damage.
You closely miss the orc wizard.
Your adder bites the orc wizard.
The orc wizard casts a spell at you. The magic dart hits you!
You die...

..# #.# ...
#.# # #.#
#.## #.#
##.#..§##.#
......os.>#
∆
##.#<#S####
#. ## ∆


You could see an orc wizard and a friendly adder.

Vanquished Creatures
  3 orc priests (D:3)
  4 gnolls
  A dart slug (D:1)
  A leopard gecko (D:5)
  2 orcs (D:3)
  3 bats
  2 giant cockroaches (D:1)
  3 goblins (D:3)
  2 hobgoblins (D:1)
  3 kobolds
  A quokka (D:5)
  4 rats
29 creatures vanquished.

Vanquished Creatures (collateral kills)
  2 gnolls (D:2)
  An orc (D:3)
  A goblin (D:2)
  2 bats (D:2)
  A kobold (D:2)
7 creatures vanquished.

Grand Total: 36 creatures vanquished

Notes
Turn   | Place    | Note
-------+----------+-------------------------------------------
     0 | D:1      | tidbits the Gnoll Transmuter began the quest for the Orb.
     0 | D:1      | Reached XP level 1. HP: 17/17 MP: 6/6
   212 | D:1      | Reached XP level 2. HP: 23/23 MP: 5/7
   216 | D:1      | Learned a level 2 spell: Sticks to Snakes
   304 | D:2      | Reached XP level 3. HP: 26/28 MP: 0/9
   306 | D:2      | Reached skill level 5 in Spellcasting
   310 | D:2      | Reached skill level 1 in Invocations
   321 | D:2      | Learned a level 3 spell: Spider Form
   464 | D:3      | Reached skill level 1 in Short Blades
   464 | D:3      | Reached skill level 1 in Long Blades
   464 | D:3      | Reached skill level 1 in Axes
   464 | D:3      | Reached skill level 1 in Maces & Flails
   464 | D:3      | Reached skill level 1 in Polearms
   464 | D:3      | Reached skill level 1 in Staves
   464 | D:3      | Reached skill level 1 in Slings
   464 | D:3      | Reached skill level 1 in Bows
   464 | D:3      | Reached skill level 1 in Crossbows
   464 | D:3      | Reached skill level 1 in Throwing
   464 | D:3      | Reached skill level 1 in Armour
   464 | D:3      | Reached skill level 1 in Stealth
   464 | D:3      | Reached skill level 1 in Shields
   464 | D:3      | Reached skill level 1 in Evocations
   464 | D:3      | Reached XP level 4. HP: 34/34 MP: 6/11
   469 | D:3      | Reached skill level 1 in Conjurations
   469 | D:3      | Reached skill level 1 in Hexes
   469 | D:3      | Reached skill level 1 in Charms
   469 | D:3      | Reached skill level 1 in Summonings
   469 | D:3      | Reached skill level 1 in Necromancy
   469 | D:3      | Reached skill level 1 in Translocations
   469 | D:3      | Reached skill level 1 in Fire Magic
   469 | D:3      | Reached skill level 1 in Ice Magic
   469 | D:3      | Reached skill level 1 in Air Magic
   469 | D:3      | Reached skill level 1 in Earth Magic
   469 | D:3      | Reached skill level 1 in Poison Magic
   474 | D:3      | Reached XP level 5. HP: 28/40 MP: 1/12
   492 | D:3      | Noticed IjonTichy1's ghost (amateur MfGl)
   518 | D:3      | Found a sacrificial altar of Ru.
   518 | D:3      | Found a glowing golden altar of the Shining One.
   519 | D:3      | Found a shattered altar of Ashenzari.
   537 | D:5      | Entered Level 5 of the Dungeon
   637 | D:3      | HP: 3/40 [orc priest/nerve-wracking pain (11)]
   638 | D:3      | Reached skill level 3 in Fighting
   638 | D:3      | Reached skill level 4 in Transmutations
   640 | D:3      | Killed from afar by an orc wizard

Skill      XL: |  1  2  3  4  5 |
---------------+----------------+-----
Spellcasting   | 5 |  5.2
Invocations    | 1 |  1.7
Short Blades   | 1 |  1.5
Long Blades    | 1 |  1.5
Axes           | 1 |  1.5
Maces & Flails | 1 |  1.5
Polearms       | 1 |  1.5
Staves         | 1 |  1.5
Slings         | 1 |  1.5
Bows           | 1 |  1.5
Crossbows      | 1 |  1.5
Throwing       | 1 |  1.5
Armour         | 1 |  1.5
Stealth        | 1 |  1.5
Shields        | 1 |  1.5
Evocations     | 1 |  1.5
Conjurations   | 1 |  1.2
Hexes          | 1 |  1.2
Charms         | 1 |  1.2
Summonings     | 1 |  1.2
Necromancy     | 1 |  1.2
Translocations | 1 |  1.2
Fire Magic     | 1 |  1.2
Ice Magic      | 1 |  1.2
Air Magic      | 1 |  1.2
Earth Magic    | 1 |  1.2
Poison Magic   | 1 |  1.2
Fighting       | 3 |  3.0
Transmutations | 4 |  4.0
Dodging        | |  4.8
Unarmed Combat | |  6.7

Action                   |  1- 3 |  4- 6 || total
-------------------------+-------+-------++-------
Melee: Unarmed           |    39 |    21 ||    60
       Bite              |     9 |     2 ||    11
       Headbutt          |     4 |       ||     4
       Punch             |     2 |     1 ||     3
       Kick              |     1 |       ||     1
       Falchion          |     8 |     5 ||    13
 Cast: Beastly Appendage |     7 |       ||     7
       Sticks to Snakes  |     3 |     3 ||     6
       Spider Form       |     1 |     2 ||     3
  Use: Potion            |       |     1 ||     1
 Stab: Sleeping          |     1 |     2 ||     3
Armor: Robe              |     4 |       ||     4
Dodge: Dodged            |    44 |    26 ||    70
       Rpst.: Falchion   |     1 |     1 ||     2

Table legend:
 A = Turns spent in this place as a percentage of turns spent in the entire game.
 B = Non-inter-level travel turns spent in this place as a percentage of non-inter-level travel turns spent in the entire game.
 C = Inter-level travel turns spent in this place as a percentage of turns spent in this place.
 D = Turns resting spent in this place as a percentage of non-inter-level travel turns spent in this place.
 E = Turns spent auto-exploring this place as a percentage of non-inter-level travel turns spent in this place.
 F = Non-inter-level travel turns spent in this place divided by the number of levels of this place that you've seen.
                   A       B       C       D       E      F
               +-------+-------+-------+-------+-------+----------------------
         Total | 100.0 | 100.0 |   0.0 |   0.0 |   0.0 | 128.0
       Dungeon | 100.0 | 100.0 |   0.0 |   0.0 |   0.0 | 128.0
               +-------+-------+-------+-------+-------+----------------------

Table legend:
 A = Kills in this place as a percentage of kills in entire the game.
 B = Kills by you in this place as a percentage of kills by you in the entire game.
 C = Kills by friends in this place as a percentage of kills by friends in the entire game.
 D = Other kills in this place as a percentage of other kills in the entire game.
 E = Experience gained in this place as a percentage of experience gained in the entire game.
 F = Experience gained in this place divided by the number of levels of this place that you have seen.
                   A       B       C       D       E      F
               +-------+-------+-------+-------+-------+----------------------
         Total | 100.0 | 100.0 | 100.0 |   N/A | 100.0 |  51.2
       Dungeon | 100.0 | 100.0 | 100.0 |   N/A | 100.0 |  51.2
               +-------+-------+-------+-------+-------+----------------------

Vault maps used:
D:1:      scummos_arrival_simple_crosswalls
D:2:      gammafunk_temple_overflow_pools, marbit_many_paths
D:3:      wad_woods_stonehenge, gammafunk_temple_overflow_claw, first_ration
D:4:      serial_shops, nicolae_shop_behind_doors,
          nicolae_ru_the_path_less_chosen, uniq_eustachio
D:5:      uniq_edmund
